 Dungeon Crawl Stone Soup version 0.29.1-2-gbd0b4ee654 (webtiles) character file.

Game seed: 164272304512724877

233 Earthwalker the Shield-Bearer (level 6, -1/49 HPs)
             Began as a Formicid Fighter on Oct 27, 2022.
             Was an Initiate of Okawaru.
             Slain by an iguana (8 damage)
             ... on level 4 of the Dungeon.
             The game lasted 00:07:06 (3497 turns).

Earthwalker the Shield-Bearer (Formicid Fighter)    Turns: 3497, Time: 00:07:07

Health: -1/49      AC:  7    Str: 22    XL:     6   Next: 25%
Magic:  6/6        EV:  9    Int:  8    God:    Okawaru [......]
Gold:   166        SH:  6    Dex: 19    Spells: 5/5 levels left

rFire   . . .      SeeInvis +   a - +0 war axe
rCold   . . .      Faith    .   c - +0 buckler
rNeg    . . .      Spirit   .   b - +0 scale mail
rPois   .          Reflect  .   (helmet unavailable)
rElec   .          Harm     .   (no cloak)
rCorr   .          Rampage  .   (no gloves)
Will    .....                   (no boots)
Stlth   ..........              (no amulet)
HPRegen 0.16/turn               w - +6 ring of dexterity
MPRegen 0.10/turn               (no ring)

@: no status effects
A: permanent stasis, dig shafts and tunnels, antennae 3, four strong arms
a: Dig, Shaft Self, Renounce Religion


You were on level 4 of the Dungeon.
You worshipped Okawaru.
Okawaru was noncommittal.
You visited 1 branch of the dungeon, and saw 5 of its levels.

You collected 166 gold pieces.

Inventory:

Hand Weapons
 a - a +0 war axe (weapon)
 s - a +0 war axe
Missiles
 m - 2 boomerangs (quivered)
 x - 2 curare-tipped darts
 z - a throwing net
Armour
 b - a +0 scale mail (worn)
 c - a +0 buckler (worn)
Jewellery
 w - a +6 ring of dexterity (left hand)
Wands
 n - a wand of paralysis (12)
Scrolls
 e - a scroll of magic mapping {unknown}
 f - 3 scrolls of amnesia {unknown}
 h - 2 scrolls of vulnerability {unknown}
 i - 4 scrolls of identify {unknown}
 l - 3 scrolls of blinking {unknown}
 o - a scroll of fog {unknown}
 p - a scroll of noise {unknown}
 t - a scroll of enchant armour {unknown}
 y - a scroll of teleportation {unknown}
Potions
 d - 2 potions of might
 g - a potion of invisibility {unknown}
 j - a potion of berserk rage {unknown}
 k - 3 potions of heal wounds {unknown}
 q - a potion of lignification {unknown}
 r - a potion of brilliance {unknown}
 u - a potion of ambrosia {unknown}
 v - a potion of magic {unknown}


   Skills:
 + Level 4.5 Fighting
 + Level 3.5 Axes
 + Level 4.5 Armour
 + Level 5.5 Shields


You had 5 spell levels left.
You didn't know any spells.
Your spell library contained the following spells:

 Spells                   Type           Power      Damage    Failure   Level
 Portal Projectile        Hex/Tloc       0%         N/A       99%         3
 Leda's Liquefaction      Hex/Erth       0%         N/A       100%        4
 Call Canine Familiar     Summ           Unusable   N/A       N/A         3

Dungeon Overview and Level Annotations

Branches:
Dungeon (5/15)
 Temple: D:4-7

Altars:
Elyvilon
Makhleb
Okawaru


Innate Abilities, Weirdness & Mutations

You cannot be hasted, slowed, berserked, paralysed or teleported.
You can dig through walls and to a lower floor.
You have a pair of large antennae on your head. (SInv)
Your four strong arms can wield two-handed weapons with a shield.


Message History

The gnoll hits you with a +0 club.
You barely miss the gnoll.
The gnoll is severely wounded.
The gnoll hits you with a +0 club. You block the gnoll's attack.
You completely miss the gnoll.
The gnoll is severely wounded.
The gnoll hits you with a +0 club.
You hit the gnoll.
The gnoll is almost dead.
You block the gnoll's attack. The gnoll hits you with a +0 club.
You hit the gnoll but do no damage.
The gnoll is almost dead.
The gnoll hits you with a +0 club.
You barely miss the gnoll.
The gnoll is almost dead.
The gnoll hits you but does no damage.
You barely miss the gnoll.
The gnoll is almost dead.
The gnoll hits you but does no damage. The gnoll hits you with a +0 club.
The gnoll attacks as you move away! The gnoll barely misses you.
The gnoll attacks as you move away! The gnoll hits you with a +0 club.
The gnoll attacks as you move away! You block the gnoll's attack.
The gnoll attacks as you move away! The gnoll hits you with a +0 club.
The gnoll attacks as you move away! The gnoll hits you with a +0 club.
The gnoll attacks as you move away! The gnoll hits you but does no damage.
You hit the gnoll.
The gnoll is almost dead.
You block the gnoll's attack.
You hit the gnoll but do no damage.
The gnoll is almost dead.
The gnoll barely misses you.
You slash the gnoll!
You kill the gnoll!
Okawaru accepts your kill.
You hit the iguana. The iguana completely misses you. The iguana bites you!
* * * LOW HITPOINT WARNING * * *
You hit the iguana but do no damage.
The iguana is lightly wounded.
You hit the gnoll. The iguana bites you!
You die...

#.########### ###### ###
#...........# #....# #.#
#)#######.### #....# ## #.# #..#
#.# #....# #. ##'#### #).# #.#
#....# #. #.....# #..### #.#
#....# #. #....## #..#.####.#
#....# #.
##....####[[)...g#.#####....####†
##........[.....@)g..........(.>)
................)l..###########..
##....#######.......###########..
##....# #.##..............#..
......# #.##.................
##..#.# #.##.................
...##.# #.##....####.....(...
#####.#######.##....####.##..##.#
...........##............##..##.#


You could see an iguana and 2 gnolls.

Vanquished Creatures
  An orc priest (D:3)
  2 orc wizards (D:4)
  2 gnolls (D:4)
  3 adders
  A worm (D:2)
  3 dart slugs
  16 orcs
  9 endoplasms
  4 giant cockroaches
  5 goblins
  6 hobgoblins
  3 jackals
  3 quokkas
  7 ball pythons
  4 bats
  2 frilled lizards (D:1)
  5 kobolds
  4 rats
80 creatures vanquished.

Notes
Turn   | Place    | Note
-------+----------+-------------------------------------------
     0 | D:1      | Earthwalker the Formicid Fighter began the quest for the
                  | Orb.
     0 | D:1      | Reached XP level 1. HP: 18/18 MP: 1/1
   136 | D:1      | Reached XP level 2. HP: 17/24 MP: 2/2
   370 | D:1      | Reached XP level 3. HP: 29/29 MP: 3/3
  1052 | D:2      | Found a faded altar of an unknown god.
  1184 | D:2      | Found an iron altar of Okawaru.
  1287 | D:2      | Reached XP level 4. HP: 37/37 MP: 4/4
  1295 | D:2      | Became a worshipper of Warmaster Okawaru
  1685 | D:3      | Noticed a sky beast
  2009 | D:3      | Reached XP level 5. HP: 42/42 MP: 5/5
  2016 | D:3      | Reached skill level 5 in Shields
  2243 | D:3      | Found a white marble altar of Elyvilon.
  2252 | D:3      | Found a burning altar of Makhleb.
  2620 | D:4      | Reached XP level 6. HP: 46/49 MP: 6/6
  3325 | D:5      | Entered Level 5 of the Dungeon
  3497 | D:4      | Slain by an iguana

Illustrated notes

Levels and vault maps discovered:
D:1:      minmay_arrival_open_corners, layout_basic
D:2:      layout_basic, basic_ecumenical_altar, basic_altar, minmay_domino_4
D:3:      layout_basic, mainiacjoe_overflow_swirl, lightli_corner_chamber
D:4:      layout_basic
D:5:      layout_rooms

Skill      XL: |  1  2  3  4  5 |
---------------+----------------+-----
Fighting       | 4 |  4.5
Axes           | 3 |  3.5
Armour         | 4 |  4.5
Shields        | 5 |  5.5

Action                   |  1- 3 |  4- 6 || total
-------------------------+-------+-------++-------
Melee: War axe           |    53 |    90 ||   143
Throw: Boomerang         |       |    25 ||    25
       Dart              |       |    17 ||    17
 Abil: Dig               |     2 |     1 ||     3
Armor: Scale mail        |    18 |    37 ||    55
Dodge: Dodged            |    30 |    43 ||    73
Block: Buckler           |     9 |    31 ||    40
